 Dungeon Crawl Stone Soup version 0.26.1-11-gd32895ea62 (webtiles) character file.

Game seed: 6432970843720232554

22 Zeld the Insei (level 2, 0/18 HPs)
             Began as an Octopode Transmuter on May 26, 2021.
             Slain by a hound (2 damage)
             ... on level 2 of the Dungeon.
             The game lasted 00:03:02 (1226 turns).

Zeld the Insei (Octopode Transmuter)                Turns: 1226, Time: 00:03:02

Health: 0/18       AC:  1    Str:  9    XL:     2   Next: 91%
Magic:  5/5        EV: 13    Int: 15    God:
Gold:   56         SH:  0    Dex: 12    Spells: 2/5 levels left

rFire    . . .     SeeInvis .     - Unarmed
rCold    . . .     Faith    .   (no shield)
rNeg     . . .     Spirit   .   (helmet currently unavailable)
rPois    .         Reflect  .   (no amulet)
rElec    .         Harm     .   (no ring)
rCorr    .         Rampage  .   (no ring)
Will     .....                  (no ring)
Stlth    ++........             (no ring)
HPRegen  0.06/turn              (no ring)
MPRegen  0.09/turn              (no ring)
                                (no ring)
                                (no ring)

@: appendages
A: almost no armour, stealthy swim, amphibious, 8 rings, constrict 8, tentacle
spike 3, camouflage 1, gelatinous body 1
a: End Transformation


You were on level 2 of the Dungeon.
One of your tentacles had a temporary spike.
You visited 1 branch of the dungeon, and saw 2 of its levels.

You collected 56 gold pieces.

Inventory:

Jewellery
 a - a +6 ring of dexterity {unknown}
Scrolls
 c - a scroll of random uselessness {unknown}
 e - a scroll of amnesia {unknown}
 f - a scroll of teleportation {unknown}
Potions
 b - a potion of haste {unknown}
 d - a potion of curing {unknown}
 g - a potion of might {unknown}
 h - a potion of lignification {unknown}
 i - a potion of brilliance {unknown}


   Skills:
 + Level 1.4 Fighting
 + Level 2.2 Dodging
 - Level 3.0 Unarmed Combat
 + Level 2.2 Spellcasting
 * Level 2.6 Transmutations


You had 2 spell levels left.
You knew the following spells:

 Your Spells              Type           Power        Failure   Level
a - Beastly Appendage     Tmut           18%          8%          1
b - Wereblood             Tmut           9%           12%         2

Your spell library contained the following spells:

 Spells                   Type           Power        Failure   Level
 Spider Form              Tmut/Pois      2%           36%         3
 Ice Form                 Ice/Tmut       5%           77%         4
 Blade Hands              Tmut           4%           91%         5


Dungeon Overview and Level Annotations

Branches:
Dungeon (2/15)

Altars:


Innate Abilities, Weirdness & Mutations

You cannot wear most types of armour.
You are very stealthy in the water. (Stealth+)
You are amphibious.
You can wear up to eight rings at the same time.
You can use your tentacles to constrict eight enemies at once.
Your skin changes colour to match your surroundings (Stealth+).
Your rubbery body absorbs attacks. (AC +1, EV +1)
One of your tentacles bears a large vicious spike.


Message History

You barely miss the hound. Your grab misses the hound.
The hound is moderately wounded.
The hound bites you.
You completely miss the hound. You grab the hound. You squeeze the hound.
The hound is heavily wounded.
You constrict the hound. The hound barely misses you.
You completely miss the hound.
The hound is heavily wounded.
You constrict the hound, but do no damage.
The hound bites you.
* * * LOW HITPOINT WARNING * * *
The hound barely misses you.
You completely miss the hound. You squeeze the hound.
The hound is severely wounded.
You constrict the hound. The hound barely misses you.
You tentacle-slap the hound but do no damage.
Your squeeze misses the hound.
The hound is severely wounded.
You constrict the hound. The hound closely misses you. The hound bites you.
You die...

#.### ## #.... .#
#..#####.##
#....[....# .
#.........##..
#######†..........#
#.......##.....##
#........##..#.....
#......#.##@.# ##.
#......#.##h.#
#......#.##..#
#......#.##..#
#............#
#.<....#.###..
########.# .# . !.
.


You could see a hound.

Vanquished Creatures
  2 dart slugs (D:1)
  A giant cockroach (D:2)
  3 goblins (D:1)
  A hobgoblin (D:1)
  2 kobolds (D:1)
  3 bats (D:1)
  2 frilled lizards (D:1)
  6 rats
20 creatures vanquished.

Notes
Turn   | Place    | Note
-------+----------+-------------------------------------------
     0 | D:1      | Zeld the Octopode Transmuter began the quest for the Orb.
     0 | D:1      | Reached XP level 1. HP: 13/13 MP: 3/3
   316 | D:1      | Reached XP level 2. HP: 18/18 MP: 1/5
   319 | D:1      | Learned a level 2 spell: Wereblood
  1226 | D:2      | Slain by a hound

Illustrated notes

Levels and vault maps discovered:
D:1:      wheals_arrival_shading, layout_loops_corners
D:2:      layout_rooms, dancing_weapons_uskayaw

Action                   || total
-------------------------++-------
Melee: Unarmed           ||    41
       Constrict         ||    11
       Kick              ||     9
       Tentacles         ||     6
       Punch             ||     2
 Cast: Beastly Appendage ||    18
 Stab: Sleeping          ||     6
Armor: Skin              ||     6
Dodge: Dodged            ||    22
